 Dungeon Crawl Stone Soup version 0.31-a0-516-gfcb59812bd (console) character file.

Game seed: 5090387557758652392

1766 Ignak the Ogre Mage (level 9, -4/85 HPs)
             Began as an Ogre Hedge Wizard on Aug 10, 2023.
             Slain by a +1 spectral quarterstaff (14 damage)
             ... created by an orc wizard
             ... on level 6 of the Dungeon.
             The game lasted 00:21:37 (7165 turns).

Ignak the Ogre Mage (Ogre Hedge Wizard)             Turns: 7165, Time: 00:21:38

Health: -4/85      AC:  4    Str: 24    XL:     9   Next: 7%
Magic:  16/16      EV: 10    Int: 17    God:
Gold:   70         SH:  0    Dex:  8    Spells: 6/18 levels left

rFire   . . .        a - +0 war axe (heavy)
rCold   + . .        (no shield)
rNeg    . . .        r - +0 robe
rPois   .            c - +0 hat
rElec   .            F - +0 cloak
rCorr   .            (gloves unavailable)
SInv    .            (boots unavailable)
Will    .....        (no amulet)
Stlth   +            m - ring of protection from cold
HPRegen 0.34/turn    y - +6 ring of strength
MPRegen 0.15/turn

%: no passive effects
@: very slightly contaminated, studying Armour
A: large, unfitting armour, tough skin 1
a: no special abilities


You were on level 6 of the Dungeon.
You visited 1 branch of the dungeon, and saw 6 of its levels.

You collected 239 gold pieces.
You spent 169 gold pieces at shops.

Inventory:

Hand Weapons
 a - a +0 heavy war axe (weapon)
 b - a +0 spear of venom
 z - a +1 vampiric trident
 E - a +0 war axe
 G - a +2 hammer of protection
Missiles
 v - a throwing net
 A - 5 large rocks
 B - 11 poisoned darts
Armour
 c - a +0 hat (worn)
 r - a +0 robe (worn)
 F - a +0 cloak (worn)
Jewellery
 g - a ring of fire
 m - a ring of protection from cold (left hand)
 n - a ring of fire
 w - a ring of flight
 y - a +6 ring of strength (right hand)
Scrolls
 e - 2 scrolls of immolation {unknown}
 f - a scroll of blinking {unknown}
 h - 2 scrolls of poison
 k - a scroll of enchant weapon {unknown}
 l - 3 scrolls of vulnerability {unknown}
 o - a scroll of revelation {unknown}
 q - a scroll of identify {unknown}
 s - a scroll of enchant armour {unknown}
 t - a scroll of teleportation {unknown}
 u - a scroll of butterflies {unknown}
 C - 2 scrolls of noise {unknown}
Potions
 d - a potion of magic
 i - a potion of brilliance
 p - 2 potions of cancellation
 x - 2 potions of might
 D - a potion of heal wounds {unknown}


   Skills:
 + Level 4.4 Fighting
 * Level 3.7(4.0) Axes
 - Level 1.3(2.5) Maces & Flails
 - Level 0.8(2.4) Polearms
 + Level 2.8 Armour
 + Level 3.5 Dodging
 - Level 1.4 Stealth
 - Level 1.0 Unarmed Combat
 + Level 5.2 Spellcasting
 * Level 3.0 Conjurations
 + Level 2.9 Summonings
 - Level 3.0 Translocations
 * Level 3.3 Fire Magic
 - Level 2.0 Air Magic
 - Level 2.0 Poison Magic


You had 6 spell levels left.
You knew the following spells:

 Your Spells              Type           Power      Damage    Failure   Level
a - Magic Dart            Conj           56%        1d5       4%          1
b - Blink                 Tloc           28%        N/A       6%          2
c - Sticky Flame          Conj/Fire      15%        2d4       36%         4
d - Mephitic Cloud        Conj/Pois/Air  12%        N/A       16%         3
e - Call Imp              Summ           28%        N/A       6%          2

Your spell library contained the following spells:

 Spells                   Type           Power      Damage    Failure   Level
 Apportation              Tloc           28%        N/A       4%          1
 Summon Small Mammal      Summ           56%        N/A       4%          1
 Cigotuvi's Dreadful Rot  Necr/Pois/Air  16%        N/A       12%         2
 Necrotise                Necr           16%        1d4       14%         1
 Slow                     Hex            16%        N/A       14%         1
 Ignite Poison            Fire/Tmut/Pois 10%        N/A       21%         3
 Ignition                 Fire           7%         3d5       100%        8


Dungeon Overview and Level Annotations

Branches:
Dungeon (6/15)
 Temple: D:4-7

Altars:
Hepliaklqana
Kikubaaqudgha
Makhleb
Nemelex Xobeh
Ru
Wu Jian
Xom
The Shining One

Shops:
D:4 (

Annotations:
D:4 2 runed translucent doors, Ethylacetat's ghost, amateur OpSh


Innate Abilities, Weirdness & Mutations

You are too large for most types of armour.
You have tough skin. (AC +1)


Message History

The orc is incinerated.
You hear a sizzling splash.
The white imp disappears for a moment.
Found a dagger.
You hear some strange, mumbled words.
A magic dart appears from out of thin air!
The magic dart hits you.
You bump into the rock wall.
Something hits you. The +1 spectral quarterstaff hits you!
* * * LOW HITPOINT WARNING * * *
The orc wizard hits you with a +0 dagger.
* * * LOW HITPOINT WARNING * * *
A +1 spectral quarterstaff comes into view.
You bump into the rock wall.
You feel stable enough to blink again.
You hear some strange, mumbled words.
A puff of flame appears from out of thin air!
The puff of flame hits you!
* * * LOW HITPOINT WARNING * * *
The orc wizard misses you.
You're too confused to move!
The +1 spectral quarterstaff disappears.
You hear some strange, mumbled words.
A puff of flame appears from out of thin air!
The puff of flame hits you.
* * * LOW HITPOINT WARNING * * *
The orc wizard closely misses you.
An orc wizard comes into view. It is wielding a +0 dagger.
Something hits you!
* * * LOW HITPOINT WARNING * * *
The +1 spectral quarterstaff hits you but does no damage.
A +1 spectral quarterstaff comes into view.
Unknown command.
Okay, then.
You closely miss the +1 spectral quarterstaff.
You miss something. You barely miss the orc wizard.
You feel less invigorated.
You feel less confused.
The orc wizard shouts!
Something hits you but does no damage. The +1 spectral quarterstaff hits you!
You die...

##. .. .. . .... .. ...
.. ... .....# .#..##.
.... ..............##
#....##.##.#.........#
#... ......o..........
.....##.##.......#...###
.......{o5.# #.........
......(@##.#########†...
#....##.# #..§≈≈≈≈..####
#..) #.# #.≈.....§.# .#
.. ... #.§§≈§§.§.#. .
.## #.§≈§..≈≈§##.# #.
#§§§§_.§≈§##.# ..
#§§≈§..§§§#... ##
#.§.§≈≈§≈.#)..
#.≈§....≈.# #


You could see a +1 spectral quarterstaff (wandering), 2 orc wizards and a white
imp.

Vanquished Creatures
  A two-headed ogre (D:5)
  Eustachio (D:5)
  2 black bears (D:4)
  2 ogres (D:5)
  A phantom (D:5)
  A kobold brigand (D:6)
  A scorpion (D:4)
  2 hounds
  A jelly (D:5)
  Crazy Yiuf (D:5)
  2 orc priests (D:4)
  3 iguanas
  3 orc wizards
  4 gnolls (D:3)
  4 adders
  An ufetubus (D:4)
  2 dart slugs
  15 orcs
  9 ball pythons
  8 endoplasms
  A giant cockroach (D:4)
  10 goblins
  7 hobgoblins
  9 kobolds
  A quokka (D:1)
  2 bats
  A frilled lizard (D:2)
  3 rats
98 creatures vanquished.

Vanquished Creatures (collateral kills)
  An adder (D:2)
  A hobgoblin (D:2)
2 creatures vanquished.

Grand Total: 100 creatures vanquished

Notes
Turn   | Place    | Note
-------+----------+-------------------------------------------
     0 | D:1      | Ignak the Ogre Hedge Wizard began the quest for the Orb.
     0 | D:1      | Reached XP level 1. HP: 16/16 MP: 5/5
    48 | D:1      | Reached skill level 1 in Summonings
    95 | D:1      | Reached skill level 1 in Conjurations
    95 | D:1      | Reached skill level 1 in Translocations
   171 | D:1      | Reached XP level 2. HP: 22/26 MP: 0/6
   638 | D:1      | Reached skill level 1 in Fighting
   641 | D:1      | Learned a level 2 spell: Blink
   644 | D:1      | Learned a level 2 spell: Call Imp
   698 | D:1      | Reached XP level 3. HP: 25/33 MP: 8/8
   982 | D:1      | Found a faded altar of an unknown god.
  1211 | D:2      | Reached skill level 1 in Maces & Flails
  2295 | D:2      | Learned a level 3 spell: Mephitic Cloud
  2318 | D:2      | Reached skill level 4 in Spellcasting
  2318 | D:2      | Reached XP level 4. HP: 7/42 MP: 10/10
  2669 | D:2      | Reached skill level 1 in Unarmed Combat
  2925 | D:3      | Reached XP level 5. HP: 47/49 MP: 11/11
  2967 | D:3      | Found an ancient bone altar of Kikubaaqudgha.
  2988 | D:3      | Found a shimmering altar of Xom.
  3721 | D:4      | Found a runed translucent door.
  3743 | D:4      | Learned a level 4 spell: Sticky Flame
  3744 | D:4      | Found Minonk's Antique Weapon Emporium.
  3822 | D:4      | Found a glowing golden altar of the Shining One.
  3834 | D:4      | Noticed a black bear
  3848 | D:4      | Killed a black bear
  3849 | D:4      | Reached skill level 1 in Air Magic
  3849 | D:4      | Reached XP level 6. HP: 59/59 MP: 6/12
  3865 | D:4      | Reached skill level 1 in Axes
  3865 | D:4      | Reached skill level 1 in Poison Magic
  3903 | D:4      | Reached skill level 1 in Fire Magic
  4238 | D:3      | Reached XP level 7. HP: 47/66 MP: 8/13
  4380 | D:4      | Found a burning altar of Makhleb.
  4423 | D:4      | Found a sacrificial altar of Ru.
  4543 | D:4      | Found a runed translucent door.
  4546 | D:4      | Noticed Ethylacetat's ghost (amateur OpSh)
  5187 | D:5      | Entered Level 5 of the Dungeon
  5524 | D:4      | Bought a runed war axe for 169 gold pieces
  5606 | D:5      | Found a hazy altar of Hepliaklqana.
  5610 | D:5      | Noticed Eustachio
  5617 | D:5      | Killed Eustachio
  5618 | D:5      | Reached skill level 1 in Armour
  5742 | D:5      | Reached XP level 8. HP: 75/75 MP: 11/15
  6203 | D:5      | Found a runed translucent door.
  6204 | D:5      | Noticed Crazy Yiuf
  6214 | D:5      | Killed Crazy Yiuf
  6315 | D:6      | Noticed a two-headed ogre
  6717 | D:5      | Killed a two-headed ogre
  6718 | D:5      | Reached skill level 5 in Spellcasting
  6879 | D:6      | Reached XP level 9. HP: 41/85 MP: 14/16
  7026 | D:6      | Found an ornate altar of the Wu Jian Council.
  7092 | D:6      | Found a sparkling altar of Nemelex Xobeh.
  7164 | D:6      | HP: 4/85 [something (8)]
  7165 | D:6      | Slain by a +1 spectral quarterstaff

Illustrated notes

Levels and vault maps discovered:
D:1:      elethiomel_arrival_maze, layout_loops_ring,
          shapermc_ecumenical_altar_petra
D:2:      layout_basic, kennysheep_another_room, minmay_tiny_reverse_x
D:3:      layout_basic, mainiacjoe_overflow_catwalk_spiral
D:4:      layout_basic, lemuel_crystal_altar,
          mainiacjoe_overflow_surrounded_room, nicolae_ru_awakened_eye,
          serial_shops, nicolae_shop_tiny_statue_garden, ebering_ghost_sewer_f
D:5:      layout_rooms, mainiacjoe_overflow_concentric_impassable,
          grunt_decor_one_mirror, minivault_11, uniq_crazy_yiuf_cottage,
          uniq_eustachio
D:6:      layout_basic, mainiacjoe_overflow_paths, mainiacjoe_overflow_chevrons,
          minmay_temple_entry_hall, gammafunk_ghost_necromancy,
          minmay_misc_feat_five, minmay_fractal_squares_5

Skill      XL: |  1  2  3  4  5  6  7  8  9 |
---------------+----------------------------+-----
Summonings     | 1 2 |  2.9
Conjurations   | 1 2 3 |  3.0
Translocations | 1 2 3 |  3.0
Fighting       | 1 2 3 4 |  4.4
Dodging        | 2 3 |  3.5
Maces & Flails | 1 |  1.3
Spellcasting   | 4 5 |  5.2
Unarmed Combat | 1 |  1.0
Air Magic      | 1 2 |  2.0
Axes           | 1 2 3 |  3.7
Poison Magic   | 1 2 |  2.0
Fire Magic     | 1 2 3 |  3.3
Armour         | 1 2 |  2.8
Polearms       | |  0.8
Stealth        | |  1.4

Action                     |  1- 3 |  4- 6 |  7- 9 || total
---------------------------+-------+-------+-------++-------
  Melee: Whip              |    47 |       |       ||    47
         Mace              |    42 |       |       ||    42
         Spear             |    12 |   121 |    31 ||   164
         Punch             |       |     1 |     1 ||     2
         War axe           |       |       |    35 ||    35
  Throw: Dart              |       |       |     5 ||     5
         Large rock        |       |       |     5 ||     5
         Throwing net      |       |       |     1 ||     1
   Cast: Magic Dart        |    20 |       |       ||    20
         Call Imp          |     4 |     4 |     4 ||    12
         Mephitic Cloud    |       |    14 |    20 ||    34
         Blink             |       |     3 |    13 ||    16
    Use: Potion            |     6 |     4 |     1 ||    11
         Scroll            |     1 |     1 |       ||     2
   Stab: Distracted        |     1 |       |       ||     1
         Sleeping          |     1 |       |       ||     1
         Confused          |       |     2 |     1 ||     3
 Armour: Robe              |    24 |    27 |    12 ||    63
  Dodge: Dodged            |    41 |    44 |    48 ||   133

Table legend: (Time is in decaauts)
 A = Elapsed time spent in this place.
 B = Non-inter-level travel time spent in this place.
 C = Inter-level travel time spent in this place.
 D = Time resting spent in this place.
 E = Time spent auto-exploring this place.
 F = Levels seen in this place.
 G = Mean time per level.
                   A        B        C        D        E       F      G
               +--------+--------+--------+--------+--------+-----+--------+
         Total |   7222 |   6958 |    264 |   1489 |   3542 |   6 | 1203.7 |
       Dungeon |   7222 |   6958 |    264 |   1489 |   3542 |   6 | 1203.7 |
               +--------+--------+--------+--------+--------+-----+--------+

Top non-repeatable levels by time:
     D:4: 1843 daAuts
     D:2: 1450 daAuts
     D:3: 1263 daAuts
     D:1: 1139 daAuts
     D:5: 1122 daAuts
     D:6: 404 daAuts
